[ AOE2 MATCH · #485144243 ]
UnrankedMongols vs Vietnamese
Player's team · LOSS
[ REPLAY ANALYSIS · EXTRACTED FROM THE RECORDED GAME ]
Feudal
8:51
Castle
20:00
Imperial
—
| APM avg | 49.6 |
| APM peak | 118 |
| eAPM avg | 15.0 |
| Villagers / military | 98 / 47 |
Focus
⚔️ 33.0% · 🌾 67.0%
Mangudai ×34 · Skirmisher ×8 · Mangonel ×3 · Archer ×1 · Scorpion ×1
Feudal
9:07
Castle
23:11
Imperial
34:39
| APM avg | 48.0 |
| APM peak | 88 |
| eAPM avg | 16.1 |
| Villagers / military | 88 / 52 |
Focus
⚔️ 30.6% · 🌾 69.4%
Archer ×35 · Scout Cavalry ×8 · Skirmisher ×7 · Spearman ×2
Match map
Initial resources + every placement click. Lines = walls · curves = elevation contours. ◆ gold · ⬟ stone · ● berries · ✦ relic · ◌ wall gap
Your base· ✓ Closed at 20:00 · 64t walls · no gate
hayha's base· Open — opponent sealed themselves in
Smoothed initial terrain · ◌ = detected wall gap · hover for details
Inputs per minute
— Skyrend - - hayha
Build order — Skyrend
First 150 of 250 actions detected
| 0:01 | Create | Villager (Male) |
| 0:01 | Create | Villager (Male) |
| 0:01 | Create | Villager (Male) |
| 0:02 | Build | House |
| 0:03 | Build | House |
| 0:07 | Create | Villager (Male) |
| 0:08 | Create | Villager (Male) |
| 1:33 | Create | Villager (Male) |
| 1:33 | Create | Villager (Male) |
| 1:46 | Create | Villager (Male) |
| 1:47 | Create | Villager (Male) |
| 1:47 | Create | Villager (Male) |
| 1:51 | Build | Lumber Camp |
| 2:28 | Create | Villager (Male) |
| 2:28 | Create | Villager (Male) |
| 2:51 | Create | Villager (Male) |
| 2:51 | Create | Villager (Male) |
| 2:51 | Create | Villager (Male) |
| 2:51 | Create | Villager (Male) |
| 3:28 | Create | Villager (Male) |
| 3:29 | Create | Villager (Male) |
| 3:29 | Create | Villager (Male) |
| 3:47 | Create | Villager (Male) |
| 3:47 | Create | Villager (Male) |
| 3:47 | Create | Villager (Male) |
| 3:56 | Build | House |
| 4:32 | Create | Villager (Male) |
| 4:32 | Create | Villager (Male) |
| 4:44 | Build | Mill |
| 5:25 | Create | Villager (Male) |
| 6:08 | Research | Loom |
| 6:17 | Research | Feudal Age |
| 6:17 | Research | Feudal Age |
| 6:17 | Research | Feudal Age |
| 6:57 | Build | House |
| 6:58 | Build | Palisade Wall |
| 7:59 | Build | Barracks |
| 8:37 | Create | Villager (Male) |
| 8:51 | Age | Feudal Age |
| 8:54 | Research | Double-Bit Axe |
| 8:59 | Build | House |
| 9:01 | Create | Villager (Male) |
| 9:20 | Create | Villager (Male) |
| 9:30 | Build | Palisade Wall |
| 9:48 | Build | Archery Range |
| 9:53 | Create | Villager (Male) |
| 10:07 | Build | Palisade Wall |
| 10:08 | Build | Palisade Wall |
| 10:10 | Build | Palisade Wall |
| 10:13 | Create | Villager (Male) |
| 10:48 | Create | Villager (Male) |
| 10:53 | Create | Skirmisher |
| 10:54 | Build | House |
| 10:59 | Create | Villager (Male) |
| 11:20 | Create | Villager (Male) |
| 11:24 | Create | Skirmisher |
| 11:29 | Build | Palisade Wall |
| 11:37 | Create | Villager (Male) |
| 11:44 | Create | Villager (Male) |
| 12:00 | Create | Skirmisher |
| 12:10 | Build | House |
| 12:12 | Create | Villager (Male) |
| 12:13 | Build | Farm |
| 12:14 | Build | Farm |
| 12:14 | Build | Farm |
| 12:14 | Build | Farm |
| 12:14 | Build | Farm |
| 12:14 | Build | Farm |
| 12:15 | Build | Farm |
| 12:15 | Build | Farm |
| 12:15 | Build | Farm |
| 12:15 | Build | Farm |
| 12:15 | Build | Farm |
| 12:16 | Build | Farm |
| 12:26 | Create | Skirmisher |
| 12:34 | Build | House |
| 12:38 | Build | House |
| 12:40 | Build | House |
| 12:41 | Build | House |
| 12:42 | Create | Villager (Male) |
| 12:47 | Build | Palisade Wall |
| 12:55 | Create | Skirmisher |
| 13:20 | Create | Villager (Male) |
| 13:21 | Research | Horse Collar |
| 13:35 | Build | Palisade Wall |
| 13:43 | Create | Skirmisher |
| 13:44 | Create | Villager (Male) |
| 13:46 | Build | Farm |
| 13:48 | Build | Farm |
| 14:26 | Build | Palisade Wall |
| 14:27 | Build | Palisade Wall |
| 14:29 | Build | Palisade Wall |
| 14:31 | Build | Mining Camp |
| 14:44 | Create | Villager (Male) |
| 14:51 | Build | House |
| 15:05 | Create | Villager (Male) |
| 15:27 | Create | Villager (Male) |
| 16:05 | Create | Villager (Male) |
| 16:09 | Build | House |
| 16:10 | Build | House |
| 16:18 | Create | Villager (Male) |
| 16:55 | Create | Villager (Male) |
| 16:56 | Build | Blacksmith |
| 17:10 | Build | Mining Camp |
| 17:17 | Research | Castle Age |
| 17:18 | Research | Castle Age |
| 17:18 | Research | Castle Age |
| 17:54 | Build | Stable |
| 18:12 | Build | Farm |
| 18:15 | Research | Fletching |
| 19:02 | Create | Villager (Male) |
| 19:15 | Research | Bloodlines |
| 19:30 | Research | Padded Archer Armor |
| 19:47 | Build | House |
| 20:00 | Age | Castle Age |
| 20:02 | Research | Bodkin Arrow |
| 20:19 | Build | House |
| 20:34 | Create | Villager (Male) |
| 20:35 | Create | Villager (Male) |
| 20:51 | Research | Leather Archer Armor |
| 21:17 | Create | Archer |
| 21:17 | Create | Villager (Male) |
| 21:19 | Build | House |
| 21:23 | Create | Villager (Male) |
| 21:26 | Build | Siege Workshop |
| 21:44 | Build | Castle |
| 21:47 | Create | Skirmisher |
| 21:51 | Create | Villager (Male) |
| 21:51 | Create | Villager (Male) |
| 21:53 | Create | Skirmisher |
| 21:56 | Create | Mangonel |
| 22:18 | Build | Farm |
| 22:41 | Research | Wheelbarrow |
| 22:45 | Create | Villager (Male) |
| 23:02 | Create | Villager (Male) |
| 23:08 | Research | Husbandry |
| 23:17 | Create | Mangonel |
| 23:19 | Create | Mangudai |
| 23:19 | Create | Mangudai |
| 23:19 | Create | Mangudai |
| 23:40 | Create | Villager (Male) |
| 24:09 | Create | Villager (Male) |
| 24:15 | Create | Mangudai |
| 24:15 | Create | Mangudai |
| 24:50 | Create | Mangudai |
| 24:50 | Create | Mangudai |
| 24:51 | Create | Villager (Male) |
| 24:51 | Create | Villager (Male) |
| 24:51 | Create | Villager (Male) |
| 25:19 | Create | Villager (Male) |
Build order — hayha
First 150 of 262 actions detected
| 0:00 | Create | Villager (Male) |
| 0:00 | Create | Villager (Male) |
| 0:01 | Create | Villager (Male) |
| 0:01 | Create | Villager (Male) |
| 0:03 | Build | House |
| 0:04 | Build | House |
| 1:19 | Build | Mill |
| 1:23 | Create | Villager (Male) |
| 2:01 | Create | Villager (Male) |
| 2:26 | Create | Villager (Male) |
| 2:53 | Create | Villager (Male) |
| 3:14 | Create | Villager (Male) |
| 3:30 | Create | Villager (Male) |
| 3:43 | Build | House |
| 3:52 | Create | Villager (Male) |
| 4:25 | Create | Villager (Male) |
| 4:41 | Create | Villager (Male) |
| 4:43 | Create | Villager (Male) |
| 5:23 | Create | Villager (Male) |
| 5:45 | Research | Loom |
| 6:00 | Build | Lumber Camp |
| 6:57 | Research | Feudal Age |
| 7:11 | Build | Lumber Camp |
| 8:27 | Build | Barracks |
| 8:43 | Create | Villager (Male) |
| 8:53 | Build | Mining Camp |
| 9:07 | Age | Feudal Age |
| 9:17 | Research | Double-Bit Axe |
| 9:19 | Create | Villager (Male) |
| 9:24 | Build | House |
| 9:32 | Research | Town Watch |
| 9:42 | Create | Villager (Male) |
| 9:49 | Build | Archery Range |
| 9:57 | Create | Spearman |
| 10:11 | Create | Villager (Male) |
| 10:36 | Build | House |
| 10:40 | Create | Archer |
| 10:42 | Create | Villager (Male) |
| 11:02 | Create | Villager (Male) |
| 11:08 | Create | Archer |
| 11:11 | Create | Spearman |
| 11:21 | Build | House |
| 11:24 | Build | Palisade Wall |
| 11:34 | Create | Villager (Male) |
| 11:57 | Create | Villager (Male) |
| 12:13 | Create | Villager (Male) |
| 12:38 | Build | Blacksmith |
| 12:41 | Create | Villager (Male) |
| 12:47 | Build | Mill |
| 12:59 | Build | House |
| 13:02 | Build | Palisade Wall |
| 13:08 | Create | Villager (Male) |
| 13:09 | Create | Archer |
| 13:23 | Create | Archer |
| 13:35 | Build | Stable |
| 13:43 | Create | Villager (Male) |
| 13:55 | Build | Farm |
| 13:59 | Build | House |
| 14:04 | Build | Farm |
| 14:06 | Build | Farm |
| 14:08 | Build | Farm |
| 14:13 | Create | Villager (Male) |
| 14:15 | Create | Archer |
| 14:31 | Create | Villager (Male) |
| 14:35 | Build | Farm |
| 14:39 | Build | Farm |
| 14:44 | Build | House |
| 14:51 | Build | Farm |
| 14:55 | Build | Farm |
| 14:56 | Create | Villager (Male) |
| 15:25 | Build | Archery Range |
| 15:26 | Create | Villager (Male) |
| 15:47 | Build | Palisade Gate |
| 15:57 | Create | Villager (Male) |
| 15:59 | Create | Archer |
| 15:59 | Create | Archer |
| 16:08 | Build | Farm |
| 16:10 | Research | Fletching |
| 16:14 | Create | Villager (Male) |
| 16:23 | Build | Palisade Wall |
| 16:28 | Build | House |
| 16:29 | Build | Palisade Wall |
| 16:30 | Build | Palisade Wall |
| 16:32 | Create | Villager (Male) |
| 16:33 | Create | Archer |
| 16:33 | Create | Archer |
| 16:43 | Build | Farm |
| 16:50 | Build | Farm |
| 17:12 | Create | Archer |
| 17:12 | Create | Archer |
| 17:14 | Create | Villager (Male) |
| 17:14 | Create | Villager (Male) |
| 17:23 | Create | Archer |
| 17:38 | Build | House |
| 17:43 | Build | Farm |
| 17:46 | Build | Farm |
| 17:48 | Build | Farm |
| 17:49 | Create | Villager (Male) |
| 18:04 | Create | Villager (Male) |
| 18:09 | Build | Farm |
| 18:11 | Build | Farm |
| 18:15 | Research | Horse Collar |
| 18:19 | Research | Wheelbarrow |
| 18:49 | Build | Farm |
| 18:51 | Create | Archer |
| 18:51 | Create | Archer |
| 19:19 | Create | Villager (Male) |
| 19:20 | Create | Archer |
| 19:21 | Create | Archer |
| 19:50 | Create | Villager (Male) |
| 19:51 | Create | Villager (Male) |
| 19:55 | Build | House |
| 19:56 | Build | House |
| 20:04 | Create | Archer |
| 20:04 | Create | Archer |
| 20:31 | Research | Castle Age |
| 21:20 | Research | Bloodlines |
| 21:24 | Build | Stable |
| 21:26 | Create | Archer |
| 21:26 | Create | Archer |
| 21:32 | Research | Padded Archer Armor |
| 21:41 | Research | Gold Mining |
| 21:51 | Create | Archer |
| 21:51 | Create | Archer |
| 22:19 | Build | House |
| 22:19 | Build | House |
| 22:33 | Create | Scout Cavalry |
| 22:33 | Create | Scout Cavalry |
| 23:05 | Research | Scale Barding Armor |
| 23:09 | Create | Villager (Male) |
| 23:09 | Create | Villager (Male) |
| 23:11 | Age | Castle Age |
| 23:16 | Build | University |
| 23:20 | Research | Crossbowman (upgrade) |
| 23:22 | Research | Bodkin Arrow |
| 23:32 | Research | Light Cavalry (upgrade) |
| 23:46 | Build | Farm |
| 23:47 | Build | Farm |
| 23:49 | Build | Farm |
| 23:52 | Build | Farm |
| 23:53 | Create | Villager (Male) |
| 23:59 | Research | Ballistics |
| 24:09 | Build | Town Center |
| 24:18 | Create | Villager (Male) |
| 24:31 | Create | Scout Cavalry |
| 24:31 | Create | Scout Cavalry |
| 24:43 | Create | Villager (Male) |
| 24:44 | Create | Archer |
| 24:44 | Create | Archer |
| 25:22 | Create | Villager (Male) |
Match timeline
| 6:58 | Skyrend · wall_segment Palisade Wall x1 |
| 7:59 | Skyrend · first_building Barracks |
| 8:27 | hayha · first_building Barracks |
| 8:51 | Skyrend · age_up feudal |
| 9:07 | hayha · age_up feudal |
| 9:30 | Skyrend · wall_segment Palisade Wall x2 |
| 9:48 | Skyrend · first_building Archery Range |
| 9:49 | hayha · first_building Archery Range |
| 10:07 | Skyrend · wall_segment Palisade Wall x1 |
| 10:08 | Skyrend · wall_segment Palisade Wall x1 |
| 10:10 | Skyrend · wall_segment Palisade Wall x1 |
| 11:24 | hayha · wall_segment Palisade Wall x4 |
| 11:29 | Skyrend · wall_segment Palisade Wall x5 |
| 12:47 | Skyrend · wall_segment Palisade Wall x6 |
| 13:02 | hayha · wall_segment Palisade Wall x6 |
| 13:35 | Skyrend · wall_segment Palisade Wall x19 |
| 13:35 | hayha · first_building Stable |
| 14:26 | Skyrend · wall_segment Palisade Wall x1 |
| 14:27 | Skyrend · wall_segment Palisade Wall x1 |
| 14:29 | Skyrend · wall_segment Palisade Wall x26 |
| 16:23 | hayha · wall_segment Palisade Wall x12 |
| 16:29 | hayha · wall_segment Palisade Wall x1 |
| 16:30 | hayha · wall_segment Palisade Wall x1 |
| 17:54 | Skyrend · first_building Stable |
| 20:00 | Skyrend · age_up castle |
| 21:26 | Skyrend · first_building Siege Workshop |
| 21:44 | Skyrend · first_building Castle |
| 23:11 | hayha · age_up castle |
| 30:33 | hayha · first_building Monastery |
| 32:14 | hayha · first_market_buy 100 stone |
| 34:31 | Skyrend · first_market_buy 100 food |
| 34:39 | hayha · age_up imperial |
| 34:51 | Skyrend · resign |
[ AI ANALYSIS · 1 CREDIT ]
What really happened in this match?
Wolo.gg analyzes every decision: build order, eco, micro, common mistakes by bracket. Personalized analysis on WhatsApp or Discord in 30 seconds.
Civ guide
Mongols
Perfil
Jugador #17013855